Cogmind - Beta 9.6 @@@ ROGUE MODE // 2020.08.14 @ 22:56:36 Player: Nalzok Result: Destroyed by Y-45 Defender with Beam Rifle Performance ------------- Evolutions (2) 1000 Regions Visited (6) 1200 Robots Destroyed (79) 395 Value Destroyed (2009) 2009 Prototype IDs (32) 640 Alien Tech Used (0) 0 Bonus (300) 300 TOTAL SCORE: 5544 Bonus ------- Aligned with FarCom 300 Cogmind --------- Core Integrity 0/550 Matter 300/300 Energy 88/100 System Corruption 0% Temperature Cool (164) Movement Core (50) Location -8/Storage Parts ------- > --- POWER (1) -------- (None) > --- PROPULSION (2) --- (None) > --- UTILITY (4) ------ (None) > --- WEAPON (4) ------- (None) > --- INVENTORY (4) ---- Improved Ion Engine Light Treads Large Storage Unit Advanced Beam Rifle Peak State ------------ > --- POWER ------------ Light Nuclear Core > --- PROPULSION ------- Armored Treads Improved VTOL Module > --- UTILITY ---------- High-capacity Storage Unit Hardened Light Armor Plating Hacking Suite System Shield > --- WEAPON ----------- Heavy EM Pulse Gun Heavy Particle Gun YOLO Cannon > --- INVENTORY -------- Improved Ion Engine Large Storage Unit Large Storage Unit System Shield System Shield Heavy EM Pulse Gun Heavy EM Shotgun Heavy EM Shotgun Heavy Assault Rifle Enhanced Autogun Katana [Rating: 47] Favorites ----------- Power Light Nuclear Core Engine Ion Engine Power Core Light Nuclear Core Propulsion Aluminum Leg Treads Armored Treads Leg Aluminum Leg Hover Unit Hover Unit Flight Unit Cooled VTOL Module Utility High-capacity Storage Unit Device Improved Terrain Scanner Storage High-capacity Storage Unit Processor Improved Terrain Scan Processor Hackware System Shield Protection Hardened Light Armor Plating Weapon YOLO Cannon Energy Gun Heavy EM Shotgun Energy Cannon YOLO Cannon Ballistic Gun Light Assault Rifle Launcher Improved Grenade Launcher Special Melee Weapon Datajack Build | -11 -10 -10 -10 -9 -8 -8 ------- Run | Scr Mat Min Exi Min Mat Sto Slots Evolved 4 | . . . . . 4 . Power . | . . . . . . . Propulsion . | . . . . . . . Utility 2 | . . . . . 2 . Weapon 2 | . . . . . 2 . Parts Attached 51 | . 2 . 1 14 13 21 Power 4 | . . . . 1 2 1 Engine . | . . . . . . . Core 4 | . . . . 1 2 1 Reactor . | . . . . . . . Propulsion 16 | . . . . 6 3 7 Treads 2 | . . . . . . 2 Leg 9 | . . . . 6 3 . Wheel . | . . . . . . . Hover 2 | . . . . . . 2 Flight 3 | . . . . . . 3 Utility 15 | . 1 . 1 3 5 5 Device 5 | . 1 . . 2 . 2 Storage 3 | . . . 1 . 2 . Processor 1 | . . . . . 1 . Hackware 2 | . . . . . 1 1 Protection 4 | . . . . 1 1 2 Artifact . | . . . . . . . Weapon 16 | . 1 . . 4 3 8 Energy Gun 9 | . . . . 2 3 4 Energy Cannon 1 | . . . . 1 . . Ballistic Gun 4 | . . . . 1 . 3 Ballistic Cannon . | . . . . . . . Launcher 1 | . . . . . . 1 Special Weapon . | . . . . . . . Impact Weapon . | . . . . . . . Slashing Weapon . | . . . . . . . Piercing Weapon . | . . . . . . . Special Melee Weapon 1 | . 1 . . . . . Unidentified Prototypes 8 | . . . . . 1 7 Parts Lost 29 | . . . . 6 4 19 Power 2 | . . . . . 1 1 Propulsion 8 | . . . . 2 2 4 Utility 9 | . . . . 2 1 6 Weapon 10 | . . . . 2 . 8 Highest Loss Streak 11 | . . . . 4 2 11 Average Slot Usage (%) 88 | . 98 100 100 86 83 87 Engine 2 | . 14 14 14 3 . . Core 8 | . . . . 10 8 8 Treads 2 | . . . . . . 7 Leg 16 | . 28 28 28 26 17 1 Hover 1 | . . . . . . 3 Flight 1 | . . . . . . 4 Device 6 | . 12 14 14 10 . 2 Storage 11 | . 14 14 14 14 9 8 Processor 2 | . . . . . 7 2 Hackware 4 | . . . . . 7 10 Protection 4 | . . . . 1 7 7 Energy Gun 9 | . 5 . . 2 16 14 Energy Cannon 6 | . . . . 9 9 3 Ballistic Gun 6 | . 14 14 14 3 . 10 Special Melee Weapon 2 | . 8 14 14 1 . . Naked Turns 8 | . . . . . . 8 Heaviest Build 68 | 12 13 12 24 40 68 67 Greatest Support 40 | 20 20 20 20 20 23 40 Greatest Overweight (x) 22 | . . . 1 3 6 22 Average Overweight (x) 1 | . . . . 1 2 2 Largest Inventory Capacity 14 | 6 6 6 10 10 14 12 Average Capacity 10 | 6 6 6 6 10 11 11 Most Carried 14 | 5 3 3 8 10 14 12 Average Carried 9 | 3 2 3 4 9 11 11 Final Capacity 12 | 6 6 6 10 10 12 4 Final Carried 12 | 2 3 3 7 10 12 4 Class Distribution -------------------- 38% | Mutant 31% | Skirmisher 22% | Scavenger-Skirmisher 3% | Scavenger-Mutant 3% | Hacker-Mutant Dominant Class ---------------- Mutant | -10/Materials Mutant | -10/Mines Mutant | -10/Exiles Scavenger-Skirmisher | -9/Mines Mutant | -8/Materials Skirmisher | -8/Storage Resources | -11 -10 -10 -10 -9 -8 -8 ----------- Run | Scr Mat Min Exi Min Mat Sto Matter Collected 898 | 185 . . . 214 123 376 Remotely 85 | . . . . 85 . . Salvage Created 2461 | . . . . 673 635 1153 Parts 139 | . . . . 49 36 54 Haulers Intercepted 4 | . . . . . 1 3 Recyclers Shooed 2 | . . . . . . 2 Parts Field Recycled . | . . . . . . . Retrieved Matter . | . . . . . . . Parts Self-Destructed . | . . . . . . . Prevented . | . . . . . . . Kills | -11 -10 -10 -10 -9 -8 -8 ------- Run | Scr Mat Min Exi Min Mat Sto Combat Hostiles Destroyed 51 | . . . . 25 11 15 Guns 20 | . . . . 8 3 9 Cannons 13 | . . . . 9 3 1 AOE 17 | . . . . 8 5 4 Classes Destroyed 14 | . . . . 7 5 2 Worker 7 | . . . . 1 2 4 Builder 4 | . . . . . 2 2 Tunneler 4 | . . . . 4 . . Hauler 4 | . . . . . 1 3 Recycler 5 | . . . . . 2 3 Mechanic 1 | . . . . . 1 . Operator 1 | . . . . . . 1 Watcher 2 | . . . . . 1 1 Swarmer 16 | . . . . 10 6 . Grunt 16 | . . . . 10 1 5 Brawler 4 | . . . . 1 . 3 Sentry 12 | . . . . 2 4 6 Hunter 1 | . . . . . . 1 Assembled 2 | . . . . 2 . . Best Kill Streak 6 | . . . . 6 6 5 Combat Bots Only 5 | . . . . 4 5 4 Max Kills in Single Turn 3 | . . . . 3 3 3 Gunslinging 1 | . . . . . . 1 Exploded 2 | . . . . 2 2 2 Melee . | . . . . . . . Uniques/NPCs Destroyed . | . . . . . . . Combat | -11 -10 -10 -10 -9 -8 -8 -------- Run | Scr Mat Min Exi Min Mat Sto Damage Taken 3965 | . 76 . . 996 734 2159 Core 733 | . . . . 180 77 476 Absorbed by Shields . | . . . . . . . Core Remaining (%) 64 | 100 . . . 28 . . Volleys Fired 148 | . . . . 76 15 57 Largest 4 | . . . . 2 3 4 Hottest 200 | . . . . 100 200 200 Shots Fired 315 | . . . . 108 32 175 Gun 256 | . . . . 75 20 161 Cannon 59 | . . . . 33 12 14 Launcher . | . . . . . . . Special . | . . . . . . . Kinetic 126 | . . . . 49 . 77 Thermal 115 | . . . . 41 12 62 Explosive . | . . . . . . . Electromagnetic 74 | . . . . 18 20 36 Robot Hit Streak 10 | . . . . 10 5 9 Robot Miss Streak 6 | . . . . 5 3 6 Penetration Max . | . . . . . . . Secondary Targets 5 | . . . . 2 . 3 Max Gunslinging Chain 1 | . . . . 1 . 1 Shots Hit Robots 152 | . 2 . . 56 13 81 Core Hits 100 | . . . . 36 23 41 Critical Hits 6 | . . . . 1 1 4 Critical Kills 2 | . . . . 1 1 . Critical Parts Destroyed 3 | . . . . . . 3 Melee Attacks 13 | . 6 . . 7 . . Impact . | . . . . . . . Slashing . | . . . . . . . Piercing . | . . . . . . . Sneak Attacks 9 | . 2 . . 7 . . Combat Hostiles . | . . . . . . . Follow-up Attacks . | . . . . . . . Damage Inflicted 7582 | . . . . 2672 2078 2832 Guns 1526 | . . . . 358 91 1077 Cannons 2734 | . . . . 1295 685 754 Explosions 3312 | . . . . 1019 1302 991 Melee . | . . . . . . . Ramming 10 | . . . . . . 10 Kinetic 544 | . . . . 187 . 357 Thermal 6421 | . . . . 2348 1971 2102 Explosive 65 | . . . . . 16 49 Electromagnetic 542 | . . . . 137 91 314 Impact . | . . . . . . . Slashing . | . . . . . . . Piercing . | . . . . . . . Highest Corruption 1 | . . . . 1 . . Average Corruption 1 | . . . . 1 . . Corruption Purged . | . . . . . . . Effects 2 | . . . . 2 . . Message Errors 1 | . . . . 1 . . Data Loss (minor) 1 | . . . . 1 . . Overload Shots . | . . . . . . . Overflow Damage 649 | . . . . 305 186 158 Projectiles 363 | . . . . 261 54 48 Explosions 286 | . . . . 44 132 110 Melee . | . . . . . . . Knockbacks . | . . . . . . . Impact . | . . . . . . . Kinetic . | . . . . . . . Secondary . | . . . . . . . Self-Inflicted Damage 620 | . . . . 169 171 280 Shots 11 | . . . . 3 3 5 Rammed 2 | . . . . . . 2 Targets Rammed 2 | . . . . . . 2 Kicked . | . . . . . . . Crushed . | . . . . . . . Highest Temperature 429 | . . . . 234 256 429 Average Temperature 97 | . . . . 50 81 137 Received Heat Transfer 1365 | . 42 . . 288 126 909 Effects 3 | . . . . . . 3 Shutdowns 1 | . . . . . . 1 Energy Bleed 2 | . . . . . . 2 Siege Activations . | . . . . . . . Robots Corrupted . | . . . . . . . Combat Hostiles . | . . . . . . . Parts Fried 1 | . . . . 1 . . Impact Corruptions . | . . . . . . . Robots Melted 1 | . . . . . . 1 Combat Hostiles 1 | . . . . . . 1 Parts Melted 8 | . . . . 2 3 3 Heat Transferred 5932 | . . . . 1855 1840 2237 Parts Sabotaged . | . . . . . . . Parts Stolen . | . . . . . . . Parts Stripped . | . . . . . . . Power Chain Reactions 3 | . . . . . . 3 Missiles Intercepted . | . . . . . . . Alert | -11 -10 -10 -10 -9 -8 -8 ------- Run | Scr Mat Min Exi Min Mat Sto Peak Influence 381 | . 28 10 . 205 244 381 Average Influence 146 | . 7 10 . 81 107 258 Maximum Alert Level 1 | . . . . 1 1 1 Low Security (%) 65 | 100 100 100 . 93 74 25 Level 1 34 | . . . . 6 25 74 Level 2 . | . . . . . . . Level 3 . | . . . . . . . Level 4 . | . . . . . . . Level 5 . | . . . . . . . High Security . | . . . . . . . Max Security . | . . . . . . . Squads Dispatched 2 | . . . . . . 2 Investigation . | . . . . . . . Extermination . | . . . . . . . Reinforcement 1 | . . . . . . 1 Assault 1 | . . . . . . 1 Garrison . | . . . . . . . Intercept . | . . . . . . . Construction Impeded . | . . . . . . . Haulers Reinforced . | . . . . . . . Stealth | -11 -10 -10 -10 -9 -8 -8 --------- Run | Scr Mat Min Exi Min Mat Sto Distress Signals 8 | . . . . . 3 5 Communications Jammed . | . . . . . . . Distress Signals . | . . . . . . . Times Spotted 82 | . 3 . . 25 19 35 Peak Tracking Total 13 | . 4 . . 5 6 13 Tactical Retreats 7 | . . . . 5 2 . Traps | -11 -10 -10 -10 -9 -8 -8 ------- Run | Scr Mat Min Exi Min Mat Sto Traps Triggered 1 | . . . . . . 1 Indirectly . | . . . . . . . Trap Hack Attempts . | . . . . . . . Triggered . | . . . . . . . Disarmed . | . . . . . . . Reprogrammed . | . . . . . . . Reused . | . . . . . . . Traps Extracted . | . . . . . . . Installed . | . . . . . . . Triggered . | . . . . . . . Machines | -11 -10 -10 -10 -9 -8 -8 ---------- Run | Scr Mat Min Exi Min Mat Sto Machines Disabled 22 | . . . . 5 6 11 Max in Single Turn 3 | . . . . 2 3 2 Garrison Access 1 | . . . . . . 1 Machines Sabotaged . | . . . . . . . Garrisons Compromised . | . . . . . . . Overloaded Fab Kills . | . . . . . . . Fab Network Shutdowns . | . . . . . . . Hacking | -11 -10 -10 -10 -9 -8 -8 --------- Run | Scr Mat Min Exi Min Mat Sto Machines Accessed 9 | . 2 . 2 1 3 1 Terminals 7 | . 2 . . 1 3 1 Fabricators . | . . . . . . . Repair Stations . | . . . . . . . Recycling Units . | . . . . . . . Scanalyzers . | . . . . . . . Garrison Access . | . . . . . . . Total Hacks 18 | . 6 . 2 3 6 1 Successful 11 | . 3 . 2 1 4 1 Failed 7 | . 3 . . 2 2 . Catastrophic 3 | . 1 . . 1 1 . Database Lockouts . | . . . . . . . Manual 17 | . 5 . 1 3 5 3 Terminals 16 | . 6 . . 3 6 1 Fabricators . | . . . . . . . Repair Stations . | . . . . . . . Recycling Units . | . . . . . . . Scanalyzers . | . . . . . . . Garrison Access . | . . . . . . . Terminal Hacks 10 | . 2 . 2 1 4 1 Record 1 | . . . 1 . . . Prototype ID Bank 1 | . 1 . . . . . Open Door 1 | . . . . . . 1 Branch Access Points 2 | . 1 . . . 1 . Unreport Threat 3 | . . . . 1 2 . Maintenance Status 1 | . . . . . 1 . EX-Prototype ID Bank 1 | . . . 1 . . . Fabricator Hacks . | . . . . . . . Repair Station Hacks . | . . . . . . . Recycling Unit Hacks . | . . . . . . . Scanalyzer . | . . . . . . . Garrison Access Hacks . | . . . . . . . Unauthorized Hacks 1 | . 1 . . . . . Terminals 1 | . 1 . . . . . Assimilate 1 | . 1 . . . . . Fabricators . | . . . . . . . Repair Stations . | . . . . . . . Recycling Units . | . . . . . . . Scanalyzers . | . . . . . . . Garrison Access . | . . . . . . . Data Cores Recovered . | . . . . . . . Used . | . . . . . . . Hacking Detections 3 | . 1 . . 1 . 1 Full Trace Events . | . . . . . . . Feedback Events . | . . . . . . . Feedback Blocked . | . . . . . . . Robot Schematics Acquired . | . . . . . . . Robots Built . | . . . . . . . Matter . | . . . . . . . Time . | . . . . . . . Total Robot Build Rating . | . . . . . . . Part Schematics Acquired . | . . . . . . . Parts Built . | . . . . . . . Matter . | . . . . . . . Time . | . . . . . . . Total Part Build Rating . | . . . . . . . Parts Repaired . | . . . . . . . Time . | . . . . . . . Parts Recycled . | . . . . . . . Recycled Matter . | . . . . . . . Retrieved Matter . | . . . . . . . Retrieved Components . | . . . . . . . Parts Scanalyzed . | . . . . . . . Part Schematics Acquired . | . . . . . . . Parts Damaged . | . . . . . . . Bothacking | -11 -10 -10 -10 -9 -8 -8 ------------ Run | Scr Mat Min Exi Min Mat Sto Used RIF Installer . | . . . . . . . Robots Hacked 4 | . 1 . . 3 . . Non-combat 4 | . 1 . . 3 . . Combat . | . . . . . . . Robot Hacks Applied 4 | . 1 . . 3 . . parse_system 2 | . . . . 2 . . no_distress 2 | . 1 . . 1 . . Relay Couplers Released 2 | . . . . . . 2 Machine Destruction 2 | . . . . . . 2 Robots Rewired . | . . . . . . . Allies Hacked . | . . . . . . . Hacks Repelled . | . . . . . . . Allies | -11 -10 -10 -10 -9 -8 -8 -------- Run | Scr Mat Min Exi Min Mat Sto Total Allies . | . . . . . . . Largest Group . | . . . . . . . Highest-Rated Group . | . . . . . . . Highest-Rated Ally . | . . . . . . . Total Orders 1 | . . . . . . 1 EXPLORE 1 | . . . . . . 1 Ally Attacks . | . . . . . . . Total Damage . | . . . . . . . Kills . | . . . . . . . Allies Corrupted 1 | . . . . . . 1 Allies Melted . | . . . . . . . Intel | -11 -10 -10 -10 -9 -8 -8 ------- Run | Scr Mat Min Exi Min Mat Sto Robot Analysis Total . | . . . . . . . Derelict Logs Recovered 1 | . . . . 1 . . Drone Launches 16 | . . . . . . 16 Drone Recoveries . | . . . . . . . Exploration | -11 -10 -10 -10 -9 -8 -8 ------------- Run | Scr Mat Min Exi Min Mat Sto Turns Passed 3834 | 3 109 83 308 1319 736 1276 Spaces Moved 1792 | 1 78 70 244 662 324 413 Core 25 | . . . . . . 25 Treads 340 | . . . . . . 340 Legs 1426 | 1 78 70 244 662 324 47 Wheels . | . . . . . . . Hover 1 | . . . . . . 1 Flight . | . . . . . . . Fastest Speed 50 | 120 120 120 120 150 150 50 Average Speed 173 | 120 120 120 124 152 197 236 Slowest Speed 1150 | 120 120 120 150 210 300 1150 Overloaded Moves . | . . . . . . . Propulsion Burnouts . | . . . . . . . Robots Hopped . | . . . . . . . Cave-ins Triggered . | . . . . . . . Exploration Rate (%) 44 | 2 23 18 61 92 25 92 Regions Visited 6 Branch Regions 4 Pre-discovered Areas 1 | . . . 1 . . . Known Exits Taken 2 | . 1 . . . 1 . Unknown Exits Taken 4 | 1 . 1 1 1 . . Scrap Searched . | . . . . . . . Spaces Dug 133 | . . . . 100 33 . Terrain Destroyed 684 | . . . . 445 122 117 Melee . | . . . . . . . Projectile 21 | . . . . 14 6 1 AOE 663 | . . . . 431 116 116 Actions | -11 -10 -10 -10 -9 -8 -8 --------- Run | Scr Mat Min Exi Min Mat Sto Total 2161 | 4 86 69 248 805 374 575 Wait 81 | . . . . 27 . 54 Move 1786 | . 77 69 243 661 323 413 Hop . | . . . . . . . Pick Up 28 | . 1 . 3 8 11 5 Fast Attach 32 | . 1 . . 6 9 16 Attach 5 | . . . . 2 . 3 Detach 3 | . . . . 2 . 1 Swap 16 | . 1 . 1 6 4 4 Drop 39 | 4 . . 1 10 12 12 Fire 148 | . . . . 76 15 57 Melee 13 | . 6 . . 7 . . Ram 2 | . . . . . . 2 Kick . | . . . . . . . Crush . | . . . . . . . Escape Stasis . | . . . . . . . Rewire . | . . . . . . . Trap . | . . . . . . . Miscellaneous 8 | . . . . . . 8 Route ------- -11/Scrapyard -10/Materials (discovered 2 exits: *Min x2) -10/Mines -10/Exiles (discovered 2 exits: *Min x2) -9/Mines -8/Materials (discovered 2 exits: *Sto x2) -8/Storage History --------- Turn | Location | Event 4 | -11/Scrapyard | Discovered new exit (range 0) 4 | -11/Scrapyard | Entered Materials 24 | -10/Materials | Discovered new exit (range 4) 54 | -10/Materials | Identified exit to Mines 113 | -10/Materials | Entered Mines 191 | -10/Mines | Deemed a non-threat by the Exiles lab entrance 191 | -10/Mines | Discovered new exit (range 5) 196 | -10/Mines | Entered Exiles 214 | -10/Exiles | Discovered new exit (range 15) 226 | -10/Exiles | Met 8R-AWN 246 | -10/Exiles | Met EX-HEX 284 | -10/Exiles | Met EX-BIN 302 | -10/Exiles | Aligned with FarCom system 303 | -10/Exiles | Given EX-Vault access code 311 | -10/Exiles | Build established: Mutant 332 | -10/Exiles | Opened EX-Vault 342 | -10/Exiles | Found YOLO Cannon 368 | -10/Exiles | Warned to stay clear of 0b10 Research branches 404 | -10/Exiles | Met EX-DEC 409 | -10/Exiles | Learned location of Zion (-6) 491 | -10/Exiles | Discovered new exit (range 10) 504 | -10/Exiles | Left Exiles lab with YOLO Cannon 504 | -10/Exiles | Entered Mines 772 | -9/Mines | Core integrity fell below 50% 818 | -9/Mines | Lost 4 parts (1n1u2w) 926 | -9/Mines | Excavation squad dispatched 926 | -9/Mines | A large section of the Mines collapsed 1103 | -9/Mines | Discovered new exit (range 10) 1511 | -9/Mines | Build established: Scavenger-Skirmisher 1622 | -9/Mines | Joined a pair of Derelicts in attacking an 0b10 outpost 1823 | -9/Mines | Entered Materials 1823 | -8/Materials | Evolved 4 slots: Utility x2, Weapon x2 1824 | -8/Materials | Identified exit to Storage 2559 | -8/Materials | Entered Storage 3044 | -8/Storage | Assembled infested ambush trap array 3086 | -8/Storage | Lost 5 parts (1n2u2w) 3359 | -8/Storage | Build established: Skirmisher 3822 | -8/Storage | Core integrity fell below 50% 3828 | -8/Storage | Core integrity fell below 20% 3835 | -8/Storage | Destroyed by Y-45 Defender with Beam Rifle Last Messages --------------- 03813_ Adv. Beam Rifle destroyed. 03815_ Lgt. Treads destroyed. 03816_ Lgt. Nuclear Core destroyed. 03816_ Arm. Treads destroyed. 03819_ D-53 Grenadier suffers critical hit. 03819_ Destroyed Cmb. Airjet. 03819_ K-01 Serf collects debris. 03819_ Hrd. Light Armor Plating destroyed. 03821_ Adv. Beam Rifle destroyed. 03822_ K-01 Serf collects debris. 03824_ Hvy. Assault Rifle destroyed. 03824_ Enh. Autogun destroyed. 03824_ Dropped Hcp. Storage Unit. 03825_ Slammed into G-50 Soldier. 03825_ Hacking Suite destroyed. 03826_ Slammed into K-01 Serf. 03827_ Overheating: Energy bleed (-21). 03827_ Acquired 45 matter. 03827_ Imp. Heat Sink destroyed. 03830_ Overheating: Energy bleed (-15). Map ----- +----------------------------------------------------+ | | | | | | | | | | | | | | | | | | | | | | | | | | | | | | | | | | | | | ???????????????????????????????????????????####### | | ??????????????????????????????????????????# # | | ??????????????????????????????????????????# """ # | | ???????????#######??????????###?????####### """ # | | ############ ############T####### # """ # | | " # # | | % "%" Y + """ # | | " k % @ """ ""# """ # | | ????######## / ########### """ T"# """ # | | ???????????### ###???# ##### """ ""# # | | ?????????????# #?????# # # """ # | | ???????????###/####### # + """ # | | ???????????# # # ########+### """ # | | ???????????# # """Y# ## # # | | ???????????# # """ # % ##=// ######## | | ???????????# # """ + ##=// #??????? | | ???????????# # """ # ##/// #??????? | | ???????????# # """ #g% ############??????? | | ???????????# # #d%g# """ """ ###?????? | | ???????????# # #dg # """ """ ""#?????? | | ???????#########+########### % # """ "" T"#?????? | | ???????# % %%%% %g g%%g%# ""#?????? | | ?????### %% %%% g!*%g[ + ###?????? | | ??####T# %%% % % w/%![! # #???????? | | ??#]]" # ###############+###+# ! #???????? | | ??#]] + #??????????# # %! #???????? | | ??#]]" # #??????????# ######## ##???????? | | ??###### #??????????# ! * #??????###????????? | | ???????# #??????????# #?????????????????? | | ???????# #??????????# #?????????????????? | | ???????# #??????????# ! ###############???? | | ???????#####??????????# + = * [[[%*!!#???? | +----------------------------------------------------+ Best States ------------- Heat Dissipation 45 Energy Generation 14 Energy Capacity 250 Matter Stores 300 Matter Capacity 300 Sight Range 16 Robot Scan Range 13 Terrain Scan Range 16 Terrain Scan Density 110 Armor Coverage 150 Evasion (%) 41 Recoil Reduction 2 Offensive Hacking 10 Defensive Hacking 10 Item Schematics ----------------- None Robot Schematics ------------------ None Fabricated ------------ Nothing Alien Tech Used ----------------- None Achievements -------------- None Challenges ------------ None Game ------ Seed SkeletonGyrokineticNegator Manual? 0 Play Time 00:27:54 Cumulative 278.0 hours Start 2020.08.12 @ 18:43:23 End 2020.08.14 @ 22:56:36 Sessions 3 Manual Loads 0 Difficulty Rogue Special Mode None Game No. 423 Rogue 422 Adventurer 0 Explorer 1 Win Type - Total 1 Types 1/0/0/0/0/0/0 Lore% 67 Gallery% 81 Achievement% 55 Wizard Run 0 Options --------- ASCII 0 Keyboard 1 Movement Vi Keybinds 0 Fullscreen 2 Font 14/Cog Map View 72x54 Tactical HUD 1 Map Filters NONE Filters LOW_CONTRAST(13,24,33) Steam 0 RUN: 3fc39c72-060f-455e-88d4-a7113808cafa